 Dungeon Crawl Stone Soup version 0.29.0-5-ge4962eb29e (webtiles) character file.

Game seed: 7576743920023806941

170 Armakuni the Trooper (level 6, -1/56 HPs)
             Began as a Meteoran Delver on Aug 28, 2022.
             Slain by a jelly (2 damage)
             ... on level 4 of the Dungeon.
             The game lasted 00:04:56 (526 turns).

Armakuni the Trooper (Meteoran Delver)               Turns: 526, Time: 00:04:57

Health: -1/56      AC:  2    Str: 17    XL:     6   Next: 8%
Magic:  16/16      EV: 11    Int: 11    God:
Gold:   15         SH:  0    Dex: 15    Spells: 5/5 levels left

rFire   . . .      SeeInvis .   a - +0 mace (vorpal)
rCold   + . .      Faith    .   (no shield)
rNeg    . . .      Spirit   .   h - +1 ring mail {rC+}
rPois   .          Reflect  .   (no helmet)
rElec   .          Harm     .   (no cloak)
rCorr   .          Rampage  .   (no gloves)
Will    .....                   (no boots)
Stlth   +.........              (no amulet)
HPRegen 0.18/turn               P - ring of magical power
MPRegen 0.15/turn               (no ring)

@: corroded, glowing
A: sense surroundings 1, otherworldly, glowing, explore regen
a: no special abilities


You were on level 4 of the Dungeon.
You visited 1 branch of the dungeon, and saw 5 of its levels.

You collected 15 gold pieces.

Inventory:

Hand Weapons
 a - a +0 vorpal mace (weapon)
Armour
 h - a +1 ring mail of cold resistance (worn)
Jewellery
 P - a ring of magical power (left hand)
Wands
 k - a wand of digging (2)
Scrolls
 c - a scroll of fog


   Skills:
 + Level 5.2 Fighting
 - Level 2.6(4.0) Maces & Flails
 + Level 4.1(4.5) Staves
 - Level 2.4 Dodging
 - Level 3.7 Stealth


You had 5 spell levels left.
You didn't know any spells.
Your spell library was empty.

Dungeon Overview and Level Annotations

Branches:
Dungeon (6/15) Zot: 2467   Temple (0/1) D:4

Altars:
Okawaru
Ru

Annotations:
D:3 Sigmund


Innate Abilities, Weirdness & Mutations

You passively map a small area around you.
You are easily found by Zot.
You glow in the dark.
You regain HP and MP as you explore.


Message History

You aren't carrying any potions.
As you read the scroll labelled USEUNUNGYS, it crumbles to dust.
Your body is wracked with pain!
The ogre convulses!
It was a scroll of torment.
An adder comes into view.
Really read the scroll of torment?
As you read the scroll of torment, it crumbles to dust.
Your body is wracked with pain!
* * * LOW HITPOINT WARNING * * *
The ogre convulses!
The adder convulses!
The adder hisses angrily.
A quokka comes into view.
A jelly comes into view.
Found 6 stones.
The jelly quivers.
Okay, then.
You aren't carrying any potions.
Unknown command.
Okay, then.
Okay, then.
Unknown command.
Unknown command.
Aiming: Dig
Press: ? - help, Shift-Dir - straight line A rock wall.
The rock shatters into small pieces.
The jelly hits you.
* * * LOW HITPOINT WARNING * * *
The acid corrodes you!
You are splashed with acid!
* * * LOW HITPOINT WARNING * * *
A goblin comes into view. It is wielding a +0 club.
The goblin moves out of view.
The jelly attacks as you move away! The jelly misses you.
You aren't carrying any potions.
Okay, then.
Unknown command.
You hit the jelly.
Your hands burn!
* * * LOW HITPOINT WARNING * * *
The jelly is lightly wounded.
The jelly hits you.
You die...

#...⌠.⌠..##* ######
#..8.>.8..#. .....#
*#..⌠.⌠.....
####.###### #.8.8.8..#
#......# #.......# * *
# ######.# ####.######
###### #.# #....#
.....# #.# #O##.# *
#.# #.# #.##@# * # *
#.# #.##J# *# #
#.####.###.##O###....,
#,
#...........r.....(..
#
*#.###############.###
#, * # ,* * . * ,* *


You could see an ogre, a jelly and a quokka.

Vanquished Creatures
  A kobold brigand (D:4)
  An iguana (D:4)
  2 orc wizards
  A worm (D:4)
  2 orcs
  4 endoplasms
  3 jackals (D:3)
  2 kobolds
  A quokka (D:4)
  A bat (D:4)
  2 frilled lizards (D:4)
20 creatures vanquished.

Notes
Turn   | Place    | Note
-------+----------+-------------------------------------------
     0 | D:5      | Armakuni the Meteoran Delver began the quest for the Orb.
     0 | D:5      | Reached XP level 1. HP: 19/19 MP: 2/2
    57 | D:5      | Noticed a centaur
   116 | D:4      | Found a sacrificial altar of Ru.
   118 | D:4      | Noticed an orc wizard
   142 | D:4      | Killed an orc wizard
   143 | D:4      | Reached skill level 4 in Fighting
   143 | D:4      | Reached XP level 2. HP: 9/27 MP: 3/3
   143 | D:4      | Reached XP level 3. HP: 11/33 MP: 4/4
   206 | D:4      | Reached XP level 4. HP: 12/41 MP: 5/5
   339 | D:3      | Noticed Sigmund
   375 | D:3      | Reached XP level 5. HP: 30/47 MP: 6/6
   399 | D:4      | Found an iron altar of Okawaru.
   399 | D:4      | Noticed a kobold brigand
   417 | D:4      | Killed a kobold brigand
   418 | D:4      | Reached skill level 5 in Fighting
   418 | D:4      | Reached XP level 6. HP: 22/56 MP: 7/7
   507 | D:4      | Found a staircase to the Ecumenical Temple.
   509 | D:4      | Noticed an ogre
   526 | D:4      | HP: 1/56 [acid (5)]
   526 | D:4      | Slain by a jelly

Illustrated notes

Levels and vault maps discovered:
D:2:      layout_rooms, st_stairs_10, supply_closet_lemuel, minivault_11,
          patterned_corridor
D:3:      layout_loops_ring, marbit_many_paths, cheibrodos_sewer_entry_bend,
          uniq_robin, uniq_natasha, uniq_sigmund, uniq_ijyb
D:4:      minmay_chambers_of_twos, layout_loops_ring, okawaru_metal_pillars_1_2,
          nemelex_dance_club_becter, nicolae_ru_great_annihilating_truth,
          minmay_temple_entry_statues_fountains, nicolae_ossuary_entry_ruins,
          minmay_liquid_box, uniq_menkaure
D:5:      layout_gridville, nicolae_overflow_squiral, serial_shops,
          nicolae_square_shop, shop, minmay_fractal_squares_5
D:6:      layout_basic

Skill      XL: |  1  2  3  4  5 |
---------------+----------------+-----
Fighting       | 4 5 |  5.2
Staves         | 2 3 4 |  4.1
Maces & Flails | |  2.6
Dodging        | |  2.4
Stealth        | |  3.7

Action                   |  1- 3 |  4- 6 || total
-------------------------+-------+-------++-------
Melee: Mace              |    41 |    75 ||   116
       Punch             |     1 |     1 ||     2
Evoke: Wand              |       |     1 ||     1
  Use: Scroll            |     2 |     4 ||     6
       Potion            |     2 |     1 ||     3
 Stab: Paralysed         |     1 |       ||     1
       Invisible         |     1 |       ||     1
Armor: Ring mail         |    11 |    44 ||    55
Dodge: Dodged            |    17 |    29 ||    46
